 Dungeon Crawl Stone Soup version 0.22.0-60-ga52c2fc (webtiles) character file.

10330 Heatsaber the Slicer (level 11, -1/60 HPs)
             Began as a Vine Stalker Warper on Sept 10, 2018.
             Was an Elder of Sif Muna.
             Killed from afar by a frost giant (29 damage)
             ... with a bolt of cold
             ... in an ice cave.
             The game lasted 02:20:44 (11695 turns).

Heatsaber the Slicer (Vine Stalker Warper)         Turns: 11695, Time: 02:20:45

Health: -1/60      AC:  7    Str: 13    XL:     11   Next: 60%
Magic:  0/22       EV: 17    Int: 16    God:    Sif Muna [****..]
Gold:   524        SH:  0    Dex: 15    Spells: 7/24 levels left

rFire    . . .     SeeInvis .   q - +2 dagger (venom)
rCold    . . .     Gourm    .   (no shield)
rNeg     . . .     Faith    .   J - +1 robe {MR+}
rPois    .         Spirit   +   (no helmet)
rElec    .         Reflect  .   t - +0 cloak
rCorr    .         Harm     .   V - +2 pair of gloves
MR       ++...                  (no boots)
Stlth    +.........             (no amulet)
HPRegen  0.60/turn              M - +5 ring of evasion
MPRegen  0.18/turn              h - ring of flight

@: flying (expiring)
A: fangs 3, regeneration 1, magic shield, antimagic bite, no potion heal 3, rot
immunity
a: Divine Energy, Channel Magic, Forget Spell, Renounce Religion, Stop Flying


You were in an ice cave.
You worshipped Sif Muna.
Sif Muna was greatly pleased with you.
You were very hungry.

You visited 3 branches of the dungeon, and saw 13 of its levels.
You also visited: Ice Cave.

You collected 842 gold pieces.
You spent 318 gold pieces at shops.

Inventory:

Hand Weapons
 q - a +2 dagger of venom (weapon)
 y - a +2 dagger of electrocution
 G - a +0 short sword of protection
Missiles
 R - 3 tomahawks (quivered)
Armour
 b - a +0 leather armour
 t - a +0 cloak (worn)
 I - a +0 scale mail
 J - a +1 robe of magic resistance (worn)
 U - a +0 buckler
 V - a +2 pair of gloves (worn)
Magical Staves
 K - an uncursed staff of poison
Jewellery
 a - an uncursed ring of wizardry
 h - a ring of flight (right hand)
 r - an uncursed ring of positive energy
 M - a +5 ring of evasion (left hand)
Wands
 z - a wand of flame (30)
 F - a wand of random effects (10)
 L - a wand of paralysis (19)
 O - a wand of scattershot (4)
Scrolls
 c - 3 scrolls of immolation
 g - a scroll of random uselessness {unknown}
 j - a scroll of teleportation
 k - 3 scrolls of magic mapping
 m - 2 scrolls of identify
 n - 2 scrolls of fear {unknown}
 o - 7 scrolls of remove curse
 u - a scroll of acquirement {unknown}
 E - a scroll of enchant armour {unknown}
 H - a scroll of enchant weapon
 N - a scroll of silence {unknown}
 P - 3 scrolls of amnesia
 T - a scroll of vulnerability {unknown}
Potions
 d - 2 potions of degeneration {unknown}
 i - 2 potions of lignification {unknown}
 l - 2 potions of magic {unknown}
 p - 2 potions of brilliance {unknown}
 s - 3 potions of flight {unknown}
 v - 4 potions of might {unknown}
 w - a potion of curing {unknown}
 x - 6 potions of mutation {unknown}
 A - a potion of resistance
 B - 4 potions of heal wounds
 C - 2 potions of ambrosia {unknown}
 D - a potion of berserk rage {unknown}
 S - 2 potions of agility {unknown}
Miscellaneous
 Q - a sack of spiders
Comestibles
 f - 19 rations


   Skills:
 + Level 8.0 Fighting
 + Level 9.0 Short Blades
 - Level 0.8 Throwing
 - Level 4.0 Armour
 - Level 1.5 Dodging
 + Level 7.2 Spellcasting
 - Level 8.0 Translocations
 - Level 6.0 Ice Magic


You had 7 spell levels left.
You knew the following spells:

 Your Spells              Type           Power        Failure   Level  Hunger
a - Shroud of Golubria    Chrm/Tloc      ###.......   3%          2    None
b - Blink                 Tloc           N/A          1%          2    None
c - Passage of Golubria   Tloc           N/A          4%          4    ####...
d - Summon Ice Beast      Ice/Summ       ###.....     34%         4    ####...
e - Throw Icicle          Conj/Ice       ###.....     34%         4    ####...
f - Animate Skeleton      Necr           N/A          12%         1    None

Your spell library contained the following spells:

 Spells                   Type           Power        Failure   Level  Hunger
 Apportation              Tloc           ####..       1%          1    None
 Freeze                   Ice            ####         1%          1    None
 Gell's Gravitas          Tloc           ####......   1%          3    ##.....
 Lesser Beckoning         Tloc           ####......   1%          3    ##.....
 Teleport Other           Tloc           ####....     1%          3    ##.....
 Throw Frost              Conj/Ice       ###...       5%          2    None
 Ozocubu's Armour         Chrm/Ice       ###.....     11%         3    ##.....
 Confusing Touch          Hex            #.....       12%         1    None
 Summon Small Mammal      Summ           #...         12%         1    None


Dungeon Overview and Level Annotations

Branches:
Dungeon (10/15)            Temple (1/1) D:4            Lair (2/6) D:10
  Swamp: Lair:2-4    Shoals: Lair:2-4     Snake: Lair:2-4    Spider: Lair:2-4
    Orc: D:9-12

Altars:
Ashenzari
Cheibriados
Dithmenos
Elyvilon
Fedhas
Gozag
Hepliaklqana
Kikubaaqudgha
Makhleb
Nemelex Xobeh
Okawaru
Qazlal
Ru
Sif Muna
Trog
Uskayaw
Vehumet
Wu Jian
Xom
Yredelemnul
Zin
The Shining One

Shops:
D:5 !}[*   D:7 ?

Annotations:
IceCv exclusion: ice statue


Innate Abilities, Weirdness & Mutations

You have razor-sharp teeth.
Your natural rate of healing is unusually fast.
When hurt, damage is shared between your health and your magic reserves.
Your bite disrupts and absorbs the magic of your enemies.
Potions cannot restore your health.
You are immune to rotting.


Message History

The polar bear claws you but does no damage.
It was a potion of heal wounds.
That seemed strangely inert.
The polar bear bites you but does no damage.
The polar bear claws you but does no damage.
The polar bear claws you.
You see here a yak corpse.
You feel very buoyant.
You fly up into the air.
You feel somewhat more hungry. The polar bear bites you!!
* * * LOW HITPOINT WARNING * * *
The polar bear claws you but does no damage.
The polar bear barely misses you.
The frost giant shouts!
The frost giant misses you. The polar bear completely misses you.
The polar bear claws you.
The polar bear claws you but does no damage.
You are starting to lose your buoyancy.
The frost giant points at you and mumbles some strange words.
The bolt of cold hits you!
You die...

#### ##
##..## ##.
##.#@.####
###.h
#.#.#...h##
##.h.#
#..###.#C.##
#.#.## ##.##
##.#hh##
##.h## #..#
####..###..##
#.##
#.#..##h##
#..##
##.#.#..#
##..#
###.h#.# #..#
###.##


You could see a frost giant and 3 polar bears.

Vanquished Creatures
  Harold (D:6)
  The ghost of raikaria the Fighter, a novice OgHu of Okawaru (D:5)
  A spiny frog (Lair:1)
  2 komodo dragons (Lair:2)
  5 polar bears (IceCv)
  2 hippogriffs
  A wyvern (D:8)
  5 yaks (IceCv)
  A basilisk (Lair:1)
  Duvessa (D:4)
  A porcupine (Lair:2)
  3 orc warriors
  An ice beast (D:5)
  2 sky beasts
  6 wolves
  2 phantoms
  4 ogres
  A crocodile (Lair:1)
  Blork the orc (D:5)
  A big kobold (D:8)
  2 bullfrogs
  Dowan (D:4)
  6 scorpions
  2 killer bees (D:8)
  2 howler monkeys
  2 crimson imps
  2 centaur zombies (D:8)
  2 jellies
  2 quasits (D:5)
  7 hounds
  12 orc wizards
  5 orc priests
  2 iguanas (D:8)
  Natasha (thrice) (D:2)
  14 worker ants
  A hound skeleton (D:5)
  A howler monkey skeleton (D:5)
  5 gnolls
  6 adders
  A shadow imp (D:8)
  An ooze (D:3)
  2 adder skeletons (D:6)
  5 worms
  2 dart slugs (D:2)
  8 leopard geckos
  33 orcs
  5 bats
  9 giant cockroaches
  6 goblins
  8 hobgoblins
  7 jackals
  9 quokkas
  6 ball pythons
  A frilled lizard (D:2)
  5 kobolds
  A leopard gecko zombie (D:5)
  3 quokka skeletons
  15 rats
  A plant (Lair:2)
247 creatures vanquished.

Vanquished Creatures (collateral kills)
  A black mamba (Lair:2)
  2 rime drakes (Lair:2)
  A spiny frog (Lair:2)
  A polar bear (IceCv)
  4 yaks (IceCv)
  Grum (D:8)
  A hungry ghost (D:8)
  A water moccasin (Lair:1)
  8 wolves
  A crocodile (Lair:1)
  3 killer bees (D:8)
  A howler monkey (D:8)
  A crimson imp (D:8)
  A centaur zombie (D:10)
  A hound (D:8)
  An orc priest (D:8)
  2 adders (D:8)
  3 orcs (D:8)
  2 fungi (Lair:2)
36 creatures vanquished.

Vanquished Creatures (others)
  A worker ant (D:7)
  3 fungi (Lair:2)
4 creatures vanquished.

Grand Total: 287 creatures vanquished

Notes
Turn   | Place    | Note
-------+----------+-------------------------------------------
     0 | D:1      | Heatsaber the Vine Stalker Warper began the quest for the
                  | Orb.
     0 | D:1      | Reached XP level 1. HP: 11/11 MP: 4/4
   105 | D:1      | Reached skill level 2 in Short Blades
   105 | D:1      | Reached skill level 1 in Armour
   105 | D:1      | Reached XP level 2. HP: 7/15 MP: 4/6
   110 | D:1      | Learned a level 2 spell: Shroud of Golubria
   113 | D:1      | Learned a level 2 spell: Blink
   137 | D:1      | Found a shattered altar of Ashenzari.
   375 | D:1      | Reached XP level 3. HP: 6/18 MP: 5/8
  1311 | D:2      | Noticed Natasha
  1325 | D:2      | Killed Natasha
  1325 | D:2      | Gained mutation: Your natural rate of healing is unusually
                  | fast. [Vine Stalker growth]
  1325 | D:2      | Reached XP level 4. HP: 2/23 MP: 0/9
  1737 | D:2      | Noticed Natasha
  1753 | D:2      | Killed Natasha
  1753 | D:2      | Reached skill level 3 in Short Blades
  1753 | D:2      | Reached XP level 5. HP: 20/26 MP: 5/11
  1805 | D:2      | Noticed Natasha
  1818 | D:2      | Killed Natasha
  2505 | D:3      | Reached XP level 6. HP: 30/30 MP: 11/13
  2581 | D:3      | Learned a level 4 spell: Passage of Golubria
  2815 | D:4      | Noticed Duvessa
  2815 | D:4      | Noticed Dowan
  2854 | D:4      | Found a staircase to the Ecumenical Temple.
  2871 | D:4      | Killed Duvessa
  2871 | D:4      | Reached XP level 7. HP: 21/34 MP: 4/14
  2907 | D:4      | Killed Dowan
  2907 | D:4      | Reached skill level 4 in Short Blades
  2945 | Temple   | Entered the Ecumenical Temple
  3180 | Temple   | Became a worshipper of Sif Muna the Loreminder
  3708 | D:5      | Entered Level 5 of the Dungeon
  3708 | D:5      | Found Daybus's Assorted Antiques.
  3740 | D:5      | Noticed Blork the orc
  3790 | D:5      | Found Ruam's Gadget Shoppe.
  3798 | D:5      | Reached skill level 5 in Spellcasting
  3844 | D:5      | Bought a scroll of blinking for 195 gold pieces
  3846 | D:5      | Bought a green potion for 23 gold pieces
  3846 | D:5      | Bought a lumpy puce potion for 23 gold pieces
  3846 | D:5      | Bought a glowing cyan potion for 23 gold pieces
  3885 | D:5      | Killed Blork the orc
  3927 | D:5      | Found a sacrificial altar of Ru.
  3942 | D:5      | Found a burning altar of Makhleb.
  3952 | D:5      | Gained mutation: You have razor-sharp teeth. [Vine Stalker
                  | growth]
  3952 | D:5      | Reached XP level 8. HP: 16/39 MP: 13/16
  3970 | D:5      | Found a sparkling altar of Nemelex Xobeh.
  3971 | D:5      | Found a glowing silver altar of Zin.
  3972 | D:5      | Found a hazy altar of Hepliaklqana.
  3972 | D:5      | Found an iron altar of Okawaru.
  3991 | D:5      | Found a shadowy altar of Dithmenos.
  4081 | D:5      | Found Loustuic's Armour Shop.
  4180 | D:5      | Found Modo's Distillery.
  4209 | D:5      | Found a basalt altar of Yredelemnul.
  4291 | D:5      | Found a transporter.
  4361 | D:5      | Reached * piety under Sif Muna
  4411 | D:5      | Found a transporter.
  4471 | D:5      | Noticed raikaria's ghost (novice OgHu)
  4572 | D:5      | Reached skill level 5 in Short Blades
  4645 | D:5      | Killed raikaria's ghost
  4645 | D:5      | Reached skill level 5 in Translocations
  4645 | D:5      | Reached XP level 9. HP: 26/45 MP: 7/17
  4964 | D:6      | Reached skill level 6 in Short Blades
  5334 | D:6      | Learned a level 4 spell: Summon Ice Beast
  5339 | D:6      | Learned a level 4 spell: Throw Icicle
  5445 | D:6      | Reached skill level 5 in Fighting
  5452 | D:6      | Reached ** piety under Sif Muna
  5631 | D:7      | Reached skill level 1 in Ice Magic
  5716 | D:7      | Learned a level 1 spell: Animate Skeleton
  5883 | D:7      | Noticed Harold
  6097 | D:6      | HP: 1/47 [Harold/scimitar (6)]
  6320 | D:6      | Killed Harold
  6320 | D:6      | Reached skill level 7 in Short Blades
  6320 | D:6      | Reached XP level 10. HP: 6/53 MP: 2/18
  6590 | D:7      | Found Azxaelam's Magic Scroll Emporium.
  7160 | D:8      | Found a blossoming altar of Fedhas.
  7442 | D:8      | Noticed Grum
  7677 | D:8      | Found a snail-covered altar of Cheibriados.
  7766 | D:8      | Reached *** piety under Sif Muna
  7958 | D:8      | Killed Grum
  8307 | D:9      | Found a sparkling altar of Nemelex Xobeh.
  8368 | D:9      | Found an opulent altar of Gozag.
  8426 | D:9      | Found a radiant altar of Vehumet.
  8746 | D:10     | Entered Level 10 of the Dungeon
  8856 | D:5      | Bought a +0 buckler for 54 gold pieces
  8997 | D:10     | Noticed a death yak
  9011 | D:10     | Noticed a death yak
  9014 | D:10     | Noticed a death yak
  9154 | D:10     | Found a staircase to the Lair.
  9548 | Lair:1   | Entered Level 1 of the Lair of Beasts
  9688 | Lair:1   | Noticed a spiny frog
  9707 | Lair:1   | Killed a spiny frog
  9707 | Lair:1   | Reached skill level 8 in Short Blades
  9707 | Lair:1   | Reached skill level 5 in Ice Magic
  9973 | Lair:1   | Reached XP level 11. HP: 58/58 MP: 11/20
 10349 | Lair:2   | Noticed a catoblepas
 10611 | Lair:2   | Found a frozen archway.
 10618 | IceCv    | Entered an ice cave
 11291 | IceCv    | Noticed a frost giant
 11540 | IceCv    | Reached **** piety under Sif Muna
 11561 | IceCv    | Reached skill level 9 in Short Blades
 11695 | IceCv    | Killed from afar by a frost giant

Skill      XL: |  1  2  3  4  5  6  7  8  9 10 11 |
---------------+----------------------------------+-----
Short Blades   | 2 3 4 5 7 8 9 |  9.0
Armour         | 1 2 3 4 |  4.0
Spellcasting   | 3 4 5 7 |  7.2
Translocations | 4 5 7 8 |  8.0
Fighting       | 2 4 5 7 8 |  8.0
Ice Magic      | 3 5 6 |  6.0
Throwing       | |  0.8
Dodging        | |  1.5

Action                   |  1- 3 |  4- 6 |  7- 9 | 10-12 || total
-------------------------+-------+-------+-------+-------++-------
Melee: Short sword       |   114 |    76 |     9 |       ||   199
       Bite              |    25 |    57 |   117 |   142 ||   341
       Dagger            |       |   159 |   355 |   472 ||   986
Throw: Tomahawk          |       |       |     4 |     1 ||     5
 Cast: Shroud of Golubri |     9 |    10 |    17 |     3 ||    39
       Blink             |     1 |     2 |       |       ||     3
       Passage of Golubr |       |       |    11 |    16 ||    27
       Throw Icicle      |       |       |     1 |    11 ||    12
       Summon Ice Beast  |       |       |       |    64 ||    64
       Animate Skeleton  |       |       |       |     4 ||     4
Invok: Divine Energy     |       |       |       |     2 ||     2
       Stop Divine Energ |       |       |       |     2 ||     2
       Channel Magic     |       |       |       |     1 ||     1
 Abil: Evoke Flight      |       |       |       |     5 ||     5
       Stop Flying       |       |       |       |     2 ||     2
Evoke: Wand              |       |       |    26 |    14 ||    40
       Sack of spiders   |       |       |       |     1 ||     1
  Use: Scroll            |       |       |    11 |     4 ||    15
       Potion            |       |       |     1 |     1 ||     2
 Stab: Sleeping          |       |     1 |     2 |     1 ||     4
       Distracted        |       |       |     1 |     2 ||     3
       Paralysed         |       |       |       |     2 ||     2
  Eat: Chunk             |     2 |     6 |    10 |    27 ||    45
       Ration            |       |       |     1 |     3 ||     4
Armor: Leather armour    |    42 |    64 |    30 |       ||   136
       Robe              |       |       |    22 |    66 ||    88
Dodge: Dodged            |    88 |   144 |   189 |   325 ||   746
